 Dungeon Crawl Stone Soup version 0.19-a0-93-g7a2edd7 (console) character file.

389 swinepaste the Gusty (level 6, 0/32 HPs)
             Began as a Tengu Air Elementalist on May 16, 2016.
             Slain by an ogre
             ... wielding a +0 giant spiked club
              (14 damage)
             ... on level 4 of the Dungeon.
             The game lasted 00:11:41 (3593 turns).

swinepaste the Gusty (Tengu Air Elementalist)       Turns: 3593, Time: 00:11:42

Health: 0/32       AC:  5    Str:  8    XL:     6   Next: 79%
Magic:  8/10       EV: 17    Int: 17    God:
Gold:   123        SH:  3    Dex: 15    Spells: 4 memorised, 1 level left

rFire  . . .     SeeInvis .     a - +2 dagger (venom)
rCold  . . .     Gourm    .     h - +0 robe
rNeg   . . .     Faith    .     (no shield)
rPois  .         Spirit   .     (helmet restricted)
rElec  .         Dismiss  .     (no cloak)
rCorr  .         Reflect  +     p - +2 pair of gloves
SustAt .         Harm     .     (boots unavailable)
MR     .....                    n - +3 amulet of reflection
Stlth  ++........               (no ring)
                                i - +5 ring of evasion

@: repel missiles, not resistant to hostile enchantments, unstealthy
A: beak, talons 3, able to fly 1
a: Fly


You were on level 4 of the Dungeon.
You were hungry.

You visited 1 branch of the dungeon, and saw 4 of its levels.

You collected 123 gold pieces.

Inventory:

Hand Weapons
 a - a +2 dagger of venom (weapon)
 e - a +0 dagger
Armour
 h - a +0 robe (worn)
 p - a +2 pair of gloves (worn)
Jewellery
 i - a +5 ring of evasion (left hand)
 m - an uncursed amulet of rage
 n - a +3 amulet of reflection (around neck)
Wands
 s - a wand of confusion (18/48)
Scrolls
 d - 5 scrolls of teleportation {unknown}
 g - 3 scrolls of identify {unknown}
 l - 3 scrolls of remove curse {unknown}
 o - 2 scrolls of random uselessness {unknown}
Potions
 j - a potion of resistance {unknown}
 k - a potion of flight {unknown}
 q - a potion of might {unknown}
 r - a potion of magic {unknown}
Books
 b - a book of Air

   Spells                             Type                      Level
   a - Shock                          Conjuration/Air              1
   b - Swiftness                      Charms/Air                   2
   c - Repel Missiles                 Charms/Air                   2
   d - Static Discharge               Conjuration/Air              3
   e - Lightning Bolt                 Conjuration/Air              5
Comestibles
 c - 3 bread rations
 f - a beef jerky
 t - a chunk of flesh


   Skills:
 - Level 2.1 Dodging
 - Level 2.0 Stealth
 - Level 2.0 Spellcasting
 + Level 6.2 Conjurations
 + Level 7.5 Air Magic


You had one spell level left.
You knew the following spells:

 Your Spells              Type           Power        Failure   Level  Hunger
d - Static Discharge      Conj/Air       ####....     4%          3    ###....
r - Repel Missiles        Chrm/Air       ##....       10%         2    ###....
s - Swiftness             Chrm/Air       ##......     10%         2    ###....
z - Shock                 Conj/Air       ####         1%          1    #......


Dungeon Overview and Level Annotations

Branches:
Dungeon (4/15)
 Temple: D:4-7

Altars:
Gozag
Pakellas
Yredelemnul


Innate Abilities, Weirdness & Mutations

You have a beak for a mouth.
You have claws for feet.
You can fly.


Message History

Okay, then.
There is an escape hatch in the floor here.
You are starting to lose your buoyancy.
Casting: Shock
Confirm with . or Enter, or press ? or * to list all spells.
Aiming: Shock
Press: ? - help, Shift-Dir - straight line The zap hits the ogre.
The ogre is severely wounded.
You float gracefully downwards.
Casting: Shock
Confirm with . or Enter, or press ? or * to list all spells.
Aiming: Shock
Press: ? - help, Shift-Dir - straight line The zap hits the ogre.
The ogre is almost dead.
The zap hits the ogre.
The ogre is almost dead.
The ogre hits you with a giant spiked club!
You die...

###################
..................#
<..>..............#
###############O..# #......#
#.Q## #.####.# #..########## #.#
#.# #...........# #####
##.####.##############.##.###....
.................................
.................................
.#.####.....##########....##.#.##
...# #####.# #######..##...#...
.### #.# #...........#####.


You could see an ogre.

Vanquished Creatures
  2 phantoms (D:4)
  A howler monkey (D:4)
  An orc priest (D:3)
  Terence (D:2)
  3 adders
  2 oozes
  2 dart slugs
  A giant gecko (D:2)
  5 orcs
  A ball python (D:2)
  10 goblins
  11 hobgoblins
  2 quokkas
  7 bats
  5 giant newts
  7 kobolds
  10 rats
71 creatures vanquished.

Notes
Turn   | Place    | Note
--------------------------------------------------------------
     0 | D:1      | swinepaste the Tengu Air Elementalist began the quest for the Orb.
     0 | D:1      | Reached XP level 1. HP: 10/10 MP: 4/4
    90 | D:1      | Reached XP level 2. HP: 15/15 MP: 0/6
    98 | D:1      | Learned a level 2 spell: Repel Missiles
   101 | D:1      | Learned a level 2 spell: Swiftness
   726 | D:1      | Reached XP level 3. HP: 19/19 MP: 7/7
  1188 | D:2      | Found an oddly glowing altar of Pakellas.
  1210 | D:2      | Reached skill level 5 in Air Magic
  1296 | D:2      | Noticed Terence
  1355 | D:2      | Killed Terence
  1355 | D:2      | Reached XP level 4. HP: 24/24 MP: 1/8
  1483 | D:2      | Found a faded altar to an unknown god.
  1566 | D:2      | Found an opulent altar of Gozag.
  2274 | D:3      | Reached skill level 6 in Air Magic
  2274 | D:3      | Gained mutation: You can fly. [Tengu growth]
  2274 | D:3      | Reached XP level 5. HP: 7/28 MP: 3/9
  3071 | D:3      | Learned a level 3 spell: Static Discharge
  3084 | D:4      | Noticed an ogre
  3084 | D:4      | Noticed a phantom
  3134 | D:4      | Reached skill level 5 in Conjurations
  3138 | D:4      | Noticed a phantom
  3166 | D:4      | Killed a phantom
  3166 | D:4      | Reached skill level 7 in Air Magic
  3166 | D:4      | Reached XP level 6. HP: 32/32 MP: 1/10
  3254 | D:4      | Killed a phantom
  3509 | D:4      | Found a basalt altar of Yredelemnul.
  3593 | D:4      | Slain by an ogre

Vault maps used:
D:1:      dpeg_arrival_three_smaller_balls, minmay_misc_feat_ornament
D:2:      grunt_gozag_breadcrumbs, lemuel_crystal_altar, first_bread,
          ecumenical_altar_1, uniq_terence
D:3:      bh_walls_and_bars
D:4:      kennysheep_mini_moat, gup_sewer_entry_spiral,
          eino_small_chamber_without_monster

Skill      XL: |  1  2  3  4  5  6 |
---------------+-------------------+-----
Conjurations   | 2 3 4 5 6 |  6.2
Air Magic      | 5 6 7 |  7.5
Dodging        | |  2.1
Stealth        | |  2.0
Spellcasting   | |  2.0

Action                   |  1- 3 |  4- 6 || total
-------------------------+-------+-------++-------
Melee: Dagger            |    16 |    37 ||    53
       Kick              |     4 |     4 ||     8
       Peck              |     2 |     3 ||     5
       Unarmed           |     1 |       ||     1
 Cast: Shock             |    46 |    85 ||   131
       Repel Missiles    |     1 |       ||     1
 Abil: Fly               |       |     1 ||     1
  Use: Potion            |     1 |       ||     1
 Stab: Sleeping          |     1 |     1 ||     2
  Eat: Chunk             |     2 |     8 ||    10
Armor: Robe              |    10 |     4 ||    14
Dodge: Dodged            |    26 |    41 ||    67
Block: Other             |       |     4 ||     4
